 Dungeon Crawl Stone Soup version 0.31-a0-1317-gdfb52cbc09 (webtiles) character file.

Game seed: 14637368968846427674

552806 mopl the Warrior (level 25, -8/207 HPs)
             Began as a Minotaur Fighter on Dec 19, 2023.
             Was a High Priest of Okawaru.
             Killed from afar by an acid blob (26 damage)
             ... with a splash of acid
             ... on level 5 of the Pits of Slime on Dec 20, 2023.
             The game lasted 01:47:53 (57530 turns).

mopl the Warrior (Minotaur Fighter)                Turns: 57530, Time: 01:47:54

Health: -8/207     AC: 27    Str: 32    XL:     25   Next: 10%
Magic:  32/34      EV: 27    Int:  5    God:    Okawaru [*****.]
Gold:   3275       SH: 17    Dex: 22    Spells: 32/34 levels left

rFire   + . .        b - +8 mithril axe "Arga" {speed, Will+}
rCold   + . .        g - +1 kite shield {reflect}
rNeg    . . .        i - +9 gold dragon scales
rPois   +            p - +3 crown of Dyrovepreva {rElec Int+2 SInv}
rElec   +            O - +0 cloak "Defuv" {Fly Int-2 Dex+4}
rCorr   .            W - +2 pair of gloves "Juocwuy" {Fly Will+ Str+5 Dex+2}
SInv    +            K - +1 pair of boots {Fly}
Will    ++++.        N - amulet of Ytaacs {rElec Regen+ Str+2} Stlth
                     t - +5 ring of evasion
HPRegen 1.34/turn    Y - ring of willpower
MPRegen 0.24/turn

%: random rage (3%), reflection
@: heroic, corroded, flying, unable to drink
A: horns 2, retaliatory headbutt, berserk 1, clumsy 1, deterioration 1, frail 1,
inability to drink after injury 1
}: 3/15 runes: decaying, serpentine, silver
a: Renounce Religion, Heroism, Finesse, Duel


You were on level 5 of the Pits of Slime.
You worshipped Okawaru.
Okawaru was extremely pleased with you.
You visited 11 branches of the dungeon, and saw 49 of its levels.
You also visited: Ossuary and Ice Cave.

You collected 6824 gold pieces.
You spent 3549 gold pieces at shops.

Inventory:

Hand Weapons
 a - a +2 eveningstar
 b - the +8 mithril axe "Arga" (weapon) {speed, Will+}
   (You bought it in a shop on level 3 of the Snake Pit)

   Will+:     It increases your willpower.
Missiles
 c - 3 atropa-tipped darts
 k - 51 boomerangs (quivered)
 o - a silver javelin
 A - 5 throwing nets
 D - 48 poisoned darts
 E - 19 curare-tipped darts
 P - 4 datura-tipped darts
 U - 12 javelins
Armour
 g - a +1 kite shield of reflection (worn)
 i - +9 gold dragon scales (worn)
 p - the +3 crown of Dyrovepreva (worn) {rElec Int+2 SInv}
   (Okawaru gifted it to you on level 2 of the Orcish Mines)

   Int+2:     It affects your intelligence (+2).
   rElec:     It insulates you from electricity.
   SInv:      It lets you see invisible.
 K - a +1 pair of boots of flying (worn)
 O - the +0 cloak "Defuv" (worn) {Fly Int-2 Dex+4}
   (You found it on level 5 of the Lair of Beasts)

   Int-2:     It affects your intelligence (-2).
   Dex+4:     It affects your dexterity (+4).
   Fly:       It grants you flight.
 W - the +2 pair of gloves "Juocwuy" (worn) {Fly Will+ Str+5 Dex+2}
   (You found it on level 4 of the Vaults)

   Str+5:     It affects your strength (+5).
   Dex+2:     It affects your dexterity (+2).
   Will+:     It increases your willpower.
   Fly:       It grants you flight.
Jewellery
 l - the ring "Kasiy" {Fire rElec rN+ rCorr}
   (You found it on level 2 of the Elven Halls)

   [ring of fire]

   Fire:      It enhances your fire magic.
   rF+:       It protects you from fire.
   rC-:       It makes you vulnerable to cold.
   rElec:     It insulates you from electricity.
   rN+:       It protects you from negative energy.
   rCorr:     It protects you from acid and corrosion.
 t - a +5 ring of evasion (left hand)
 N - the amulet of Ytaacs (around neck) {rElec Regen+ Str+2}
   (You bought it in a shop on level 2 of the Orcish Mines)

   [amulet of regeneration]

   Str+2:     It affects your strength (+2).
   rElec:     It insulates you from electricity.
   Regen+:    It increases your rate of health regeneration.
 Y - a ring of willpower (right hand)
Wands
 w - a wand of acid (33)
 G - a wand of iceblast (65)
 R - a wand of mindburst (46)
 T - a wand of digging (16)
 X - a wand of polymorph (20)
 Z - a wand of paralysis (57)
Scrolls
 f - 21 scrolls of teleportation
 h - 10 scrolls of fear
 m - 3 scrolls of torment {!r}
 q - 7 scrolls of blinking
 r - 5 scrolls of fog
 u - 10 scrolls of immolation
 x - 8 scrolls of revelation
 y - 5 scrolls of poison
 L - 8 scrolls of vulnerability
 M - a scroll of enchant weapon
 Q - 2 scrolls of silence {!r}
Potions
 d - 8 potions of might
 e - 4 potions of berserk rage {!q}
 j - 12 potions of heal wounds
 s - 2 potions of invisibility
 v - 4 potions of magic
 z - 5 potions of ambrosia
 B - 24 potions of curing
 C - 7 potions of haste
 F - 6 potions of cancellation
 H - 3 potions of resistance
 I - 11 potions of enlightenment
Miscellaneous
 n - a lightning rod (4/4)
 J - a phial of floods (inert)
 V - a condenser vane (inert)


   Skills:
 + Level 20.0(25.0) Fighting
 - Level 15.1(23.0) Axes
 - Level 16.0(23.4) Maces & Flails
 + Level 16.5(21.5) Throwing
 + Level 20.0(25.0) Armour
 + Level 17.9(22.9) Dodging
 + Level 14.2(19.2) Shields
 - Level 5.0 Spellcasting
 + Level 8.0 Translocations
 + Level 16.0 Invocations
 + Level 14.9 Evocations


You had 32 spell levels left.
You knew the following spells:

 Your Spells              Type           Power      Damage    Failure   Level
e - Blink                 Tloc           18%        N/A       12%         2

Your spell library contained the following spells:

 Spells                   Type           Power      Damage    Failure   Level
 Lesser Beckoning         Tloc           18%        N/A       12%         2
 Gell's Gravitas          Tloc           9%         N/A       24%         3
 Teleport Other           Tloc           9%         N/A       24%         3
 Manifold Assault         Tloc           9%         N/A       63%         4
 Passage of Golubria      Tloc           9%         N/A       63%         4
 Volatile Blastmotes      Fire/Tloc      10%        2d10      77%         3
 Freeze                   Ice            4%         1d3       91%         1
 Necrotise                Necr           4%         1d4       91%         1
 Cigotuvi's Dreadful Rot  Necr/Alch/Air  2%         N/A       97%         2
 Ensorcelled Hibernation  Hex/Ice        2%         N/A       97%         2
 Passwall                 Alch/Erth      0%         N/A       97%         2
 Sublimation of Blood     Necr           1%         N/A       97%         2
 Dimensional Bullseye     Hex/Tloc       2%         N/A       99%         4
 Iskenderun's Mystic Bla  Conj/Tloc      5%         2d3       99%         4
 Vhi's Electric Charge    Tloc/Air       10%        N/A       99%         4
 Dazzling Flash           Conj/Hex       2%         N/A       100%        3
 Frozen Ramparts          Ice            2%         1d1       100%        3
 Fugue of the Fallen      Necr           1%         N/A       100%        3
 Hailstorm                Conj/Ice       1%         3d5       100%        3
 Inner Flame              Hex/Fire       1%         N/A       100%        3
 Sigil of Binding         Hex            1%         N/A       100%        3
 Stone Arrow              Conj/Erth      2%         3d7       100%        3
 Swiftness                Air            1%         N/A       100%        3
 Vampiric Draining        Necr           1%         2d6       100%        3
 Anguish                  Hex/Necr       0%         N/A       100%        4
 Cause Fear               Hex            0%         N/A       100%        4
 Dispel Undead            Necr           1%         3d6       100%        4
 Ignite Poison            Fire/Alch      1%         N/A       100%        4
 Agony                    Necr           1%         N/A       100%        5
 Alistair's Intoxication  Alch           0%         N/A       100%        5
 Arcjolt                  Conj/Air       0%         1d10      100%        5
 Borgnjor's Vile Clutch   Necr/Erth      0%         N/A       100%        5
 Freezing Cloud           Conj/Ice/Air   0%         6-21      100%        5
 Metabolic Englaciation   Hex/Ice        0%         N/A       100%        5
 Silence                  Hex/Air        0%         N/A       100%        5
 Yara's Violent Unravell  Hex/Alch       0%         3d3       100%        5
 Dispersal                Tloc           4%         N/A       100%        6
 Eringya's Noxious Bog    Alch           0%         4d6       100%        6
 Starburst                Conj/Fire      0%         6d3       100%        6
 Enfeeble                 Hex            0%         N/A       100%        7
 Orb of Destruction       Conj           0%         9d5       100%        7
 Borgnjor's Revivificati  Necr           0%         N/A       100%        8
 Disjunction              Tloc           4%         N/A       100%        8
 Lehudib's Crystal Spear  Conj/Erth      0%         10d2      100%        8
 Maxwell's Capacitive Co  Air            0%         ∞         100%        8
 Chain Lightning          Conj/Air       0%         2d1       100%        9
 Fire Storm               Conj/Fire      0%         6d1       100%        9
 Shatter                  Erth           0%         3d5*      100%        9
 Summon Guardian Golem    Hex/Summ       Unusable   N/A       N/A         3
 Tukima's Dance           Hex            Unusable   N/A       N/A         3
 Animate Armour           Summ/Erth      Unusable   N/A       N/A         4
 Animate Dead             Necr           Unusable   N/A       N/A         4
 Death Channel            Necr           Unusable   N/A       N/A         6
 Spellforged Servitor     Conj/Summ      Unusable   N/A       N/A         7
 Summon Hydra             Summ           Unusable   N/A       N/A         7

Dungeon Overview and Level Annotations

Branches:
Dungeon (15/15)            Temple (1/1) D:7            Lair (5/5) D:10
  Swamp (4/4) Lair:3        Snake (4/4) Lair:2        Slime (5/5) Lair:5
    Orc (2/2) D:11            Elf (3/3) Orc:2        Vaults (5/5) D:13
  Crypt (0/3) Vaults:3     Depths (4/4) D:15            Zot (1/5) Depths:4
Ossuary (visited)           IceCv (visited)

Altars:
Ashenzari
Cheibriados
Dithmenos
Elyvilon
Fedhas
Gozag
Hepliaklqana
Kikubaaqudgha
Makhleb
Nemelex Xobeh
Okawaru
Qazlal
Ru
Sif Muna
Trog
Uskayaw
Vehumet
Wu Jian
Xom
Yredelemnul
Zin
The Shining One

Shops:
D:5 !   D:13 *   Orc:2 ![=?   Elf:3 *   Snake:1 :=:=   Snake:3 ((*[
Snake:4 ?*

Portals:
Hell: Depths:1 Depths:2 Depths:3 Depths:4
Abyss: Depths:3 Depths:4
Pandemonium: Depths:2
Ziggurat: Depths:3

Annotations:
D:11 3 runed translucent doors, Takeo's ghost, journeyman DjFE
Lair:3 1 runed translucent door, Solx's ghost, journeyman MfGl
Snake:1 2 transporters + ranged weapons


Innate Abilities, Weirdness & Mutations

You have a pair of horns on your head.
You reflexively headbutt those who attack you in melee.
You sometimes lose your temper in combat.
You are clumsy. (Dex -2)
Your body sometimes deteriorates upon taking damage.
You are frail. (-10% HP)
You occasionally lose the ability to drink potions when taking damage.


Message History

You slash the acid blob!
Your hands burn!
You headbutt the acid blob, but do no damage.
The acid blob is moderately wounded.
You hit the acid blob but do no damage.
Your hands burn!
The acid blob spits acid at you. The splash of acid hits you!
* * * LOW HITPOINT WARNING * * *
The acid blob completely misses you.
You gain the combat prowess of a mighty hero.
You block the acid blob's attack. The acid blob hits you!!
* * * LOW HITPOINT WARNING * * *
You are splashed with acid!
* * * LOW HITPOINT WARNING * * *
Unknown command.
You slice the acid blob!!
Your hands burn!
* * * LOW HITPOINT WARNING * * *
The acid blob is heavily wounded.
You slash the acid blob!
You kill the acid blob!
Okawaru accepts your kill. The acid blob spits acid at you.
The splash of acid hits you!
* * * LOW HITPOINT WARNING * * *
You feel your strength returning.
You slash the acid blob!
Your hands burn!
* * * LOW HITPOINT WARNING * * *
The acid blob is heavily wounded.
Unknown command.
You cannot drink potions in your current state!
Unknown command.
Unknown command.
Aim the phial where?
Press: ? - help, Shift-Dir - straight line, f - acid blob
Aim: an acid blob (heavily wounded, 98% to hit)
The torrent of water hits the acid blob!!
The acid blob is severely wounded.
The acid blob is engulfed in water.
The wave splashes down.
The acid blob spits acid at you. The splash of acid hits you!!
You die...

..........#
............####
...........##..#
..........##)=.#
............??.:#
...............))#
..............).).#
.........~~~~..[.|#
..........~@~.##)..#
#.#.......~J~..##..#
#........~~~<..####
#.......~~~~..##
##............#
#............##
#............#
###...........##
##.............#


You could see an acid blob (unsilenced, waterlogged).

Vanquished Creatures
  the Royal Jelly (Slime:5)
  Frederick (Vaults:3)
  An orb of fire (Zot:1)
  2 ancient liches (Vaults:5)
  The ghost of Tolefusch the Slayer, a veteran MiFi of Cheibriados (Zot:1)
  5 caustic shrikes (Depths:3)
  5 golden dragons
  Margery (Depths:3)
  12 tentacled monstrosities
  2 electric golems (Zot:1)
  7 liches
  2 deep elf blademasters
  3 titans (Vaults:5)
  Asterion (Vaults:3)
  2 quicksilver dragons
  A searing wretch (Depths:3)
  2 walking frostbound tomes
  2 deep elf master archers (Elf:3)
  18 acid blobs
  4 sphinxes
  3 death cobs (Zot:1)
  Agnes (D:15)
  Aizul (Swamp:2)
  3 thorn hunters (Swamp:4)
  Kirke (D:15)
  3 shadow dragons
  5 storm dragons
  8 tengu reavers
  10 rockslimes
  9 azure jellies
  6 nagarajas (Snake:4)
  14 fire giants
  2 draconian shifters
  6 frost giants
  7 deep elf sorcerers
  14 vault wardens
  4 deep elf elementalists (Elf:3)
  3 draconian scorchers
  A reaper (Depths:2)
  3 orc warlords
  2 ghouls (Swamp:4)
  17 ironbound preservers
  A balrug (Depths:2)
  3 draconian annihilators (Zot:1)
  7 spriggan defenders
  9 very ugly things
  8 quicksilver oozes
  5 formless jellyfish
  14 stone giants
  7 ironbound thunderhulks
  A draconian stormcaller (Zot:1)
  6 war gargoyles
  5 deep elf demonologists (Elf:3)
  2 black draconians
  17 deep elf annihilators
  4 eleionomae
  2 purple draconians
  5 bunyips
  4 green draconians
  4 deep elf death magi
  2 white draconians
  8 dire elephants (Vaults:2)
  3 spark wasps (Depths:3)
  A yellow draconian (Depths:4)
  A crystal guardian (Vaults:4)
  A blizzard demon (Depths:2)
  The ghost of Atixe the Grappler, a journeyman TrBe of Trog (Orc:1)
  15 ettins
  8 fire dragons
  2 shambling mangroves (Swamp:4)
  10 yaktaur captains
  An entropy weaver (Vaults:1)
  27 vault guards
  Josephine (Orc:2)
  5 ice dragons
  3 salamander tyrants
  3 deep elf high priests
  5 rakshasas
  2 ogre magi
  7 great orbs of eyes
  4 ghost crabs
  Fannar (D:10)
  2 peacekeepers
  9 ironbound frosthearts
  6 anacondas
  2 catoblepae
  2 death knights
  8 spriggan air magi
  16 hydras
  14 centaur warriors
  A hell beast (Depths:1)
  Erica (D:11)
  7 alligators
  A merfolk avatar (Lair:5)
  13 two-headed ogres
  A hell hog (Depths:1)
  9 boulder beetles
  27 dancing weapons
  A death yak (Lair:2)
  7 deep troll earth magi
  2 vampire magi
  12 naga warriors
  13 hell knights
  16 naga sharpshooters
  4 deep troll shamans
  2 occultists
  7 orc high priests
  Urug (D:13)
  10 tengu warriors
  13 deep elf knights
  5 spriggan berserkers
  10 spriggans
  8 shock serpents
  7 sun demons (Depths:1)
  Sonja (D:10)
  4 salamander mystics
  2 skysharks (Lair:5)
  8 iron trolls
  8 spriggan druids
  6 goliath frogs
  5 naga ritualists
  11 swamp dragons
  A shadow demon (Depths:2)
  3 glowing orange brains
  17 deep elf archers
  A bog body (Swamp:4)
  19 ironbound convokers
  14 orc knights
  49 deep trolls
  5 arcanists
  8 phantasmal warriors
  A flayed ghost (Depths:2)
  7 lindwurms
  3 spectral hydras (Swamp:4)
  2 necromancers
  7 mana vipers
  30 deep elf zephyrmancers
  A harpy (Lair:5)
  42 deep elf pyromancers
  28 ugly things
  3 manticores
  5 orc sorcerers (Orc:2)
  A will-o-the-wisp (Swamp:2)
  13 salamanders
  6 shining eyes
  3 oklob plants (Swamp:4)
  6 cyclopes
  11 moths of wrath (Zot:1)
  7 kobold blastminers (Orc:2)
  26 vault sentinels
  26 elephants
  An elephant (shapeshifter) (D:13)
  4 eyes of devastation
  17 naga magi
  31 black mambas
  A torpor snail (shapeshifter) (D:13)
  A torpor snail (Lair:5)
  2 ice statues (IceCv)
  A gargoyle (D:12)
  4 kobold demonologists (D:10)
  A yaktaur zombie (Vaults:3)
  3 rime drakes
  9 cane toads
  2 efreet (D:14)
  An unseen horror (D:11)
  A cane toad (shapeshifter) (D:13)
  An unseen horror (shapeshifter) (D:13)
  17 yaktaurs
  17 komodo dragons
  2 ice devils (Lair:5)
  8 freezing wraiths
  A tengu conjurer (Depths:3)
  An anaconda simulacrum (IceCv)
  7 trolls
  2 death drake zombies (Swamp:4)
  6 hydra zombies
  6 meliai
  11 hornets
  5 tyrant leeches
  A death drake skeleton (Swamp:4)
  7 polar bears
  A polar bear (shapeshifter) (D:13)
  22 blink frogs
  A snapping turtle (Lair:5)
  A glass eye (Depths:1)
  49 slime creatures
  17 water elementals
  An air elemental (Elf:1)
  2 shadows (D:11)
  A vampire (D:12)
  6 wraiths
  3 wyverns
  80 yaks
  A spriggan (shapeshifter) (Elf:3)
  3 yaks (shapeshifter)
  3 hogs (D:15)
  A human (D:15)
  3 fire elementals
  A death yak simulacrum (IceCv)
  8 redbacks (Elf:1)
  7 wargs
  8 basilisks
  13 vampire mosquitoes
  3 human simulacra
  46 nagas
  4 steam dragons
  17 swamp worms
  A glowing shapeshifter zombie (Vaults:3)
  An acid dragon (D:10)
  14 water moccasins
  3 hydra simulacra (Swamp:4)
  An ice beast (shapeshifter) (Elf:3)
  A hell hound (Depths:1)
  55 orc warriors
  2 swamp dragon zombies (Swamp:4)
  4 ice beasts
  9 swamp drakes
  A black bear (Lair:1)
  18 ogres
  15 wolves
  8 centaurs
  An elf zombie (Ossuary)
  2 phantoms
  Blork the orc (D:4)
  5 kobold brigands
  5 bullfrogs
  A cane toad simulacrum (IceCv)
  2 electric eels (Lair:2)
  6 howler monkeys
  2 hounds
  3 jellies
  A bullfrog skeleton (D:8)
  A gnoll bouda (D:6)
  35 orc priests
  3 iron imps (D:10)
  8 iguanas
  A sleepcap (D:6)
  15 orc wizards
  6 hell rats (Lair:3)
  2 scorpion zombies (D:8)
  Terence (D:2)
  A wolf simulacrum (IceCv)
  A killer bee zombie (D:8)
  2 mummies (Ossuary)
  Robin (D:4)
  3 adders
  6 gnolls
  3 howler monkey skeletons (D:8)
  2 shadow imps
  3 white imps
  4 ufetubi
  4 worms
  7 dart slugs
  112 orcs
  An endoplasm (D:4)
  5 giant cockroaches
  18 goblins
  12 hobgoblins
  8 jackals
  A quokka (D:2)
  3 ball pythons
  8 bats
  2 frilled lizards
  4 gnoll zombies (Ossuary)
  2 goblin zombies (Ossuary)
  4 hobgoblin zombies (Ossuary)
  18 kobolds
  3 orc zombies (Ossuary)
  6 rats
  A spectral weapon (Vaults:3)
1990 creatures vanquished.

Vanquished Creatures (others)
  A vault warden (Vaults:2)
  A naga warrior (Snake:3)
  An ironbound convoker (Vaults:2)
  A deep elf zephyrmancer (Elf:2)
  A deep elf pyromancer (Elf:3)
  A tyrant leech (Swamp:4)
  A bloated husk (Swamp:3)
  A swamp drake (Swamp:4)
  A hornet simulacrum (D:14)
  2 orc wizards
  An orc (Orc:1)
  2 foxfires (Swamp:2)
14 creatures vanquished.

Grand Total: 2004 creatures vanquished

Notes
Turn   | Place    | Note
-------+----------+-------------------------------------------
     0 | D:1      | mopl the Minotaur Fighter began the quest for the Orb.
     0 | D:1      | Reached XP level 1. HP: 19/19 MP: 0/0
   289 | D:1      | Reached XP level 2. HP: 27/27 MP: 1/1
   391 | D:1      | You fall into a shaft and drop 1 floor!
   433 | D:2      | Reached skill level 3 in Maces & Flails
   646 | D:2      | Noticed Terence
   659 | D:2      | Killed Terence
   660 | D:2      | Reached skill level 4 in Fighting
   660 | D:2      | Reached skill level 4 in Armour
   660 | D:2      | Reached skill level 1 in Dodging
   660 | D:2      | Reached XP level 3. HP: 23/33 MP: 2/2
   688 | D:2      | Found a white marble altar of Elyvilon.
  1067 | D:1      | Found a faded altar of an unknown god.
  1172 | D:1      | Reached XP level 4. HP: 40/40 MP: 3/3
  1505 | D:3      | Reached skill level 4 in Maces & Flails
  1851 | D:3      | Noticed a phantom
  1871 | D:3      | Killed a phantom
  1872 | D:3      | Reached skill level 2 in Dodging
  1872 | D:3      | Reached XP level 5. HP: 28/47 MP: 4/4
  2005 | D:3      | Found a sacrificial altar of Ru.
  2113 | D:4      | Noticed Robin
  2128 | D:4      | Killed Robin
  2132 | D:4      | Reached skill level 5 in Maces & Flails
  2142 | D:4      | Reached XP level 6. HP: 40/55 MP: 5/5
  2385 | D:4      | Reached skill level 5 in Armour
  2389 | D:4      | Noticed Blork the orc
  2400 | D:4      | Killed Blork the orc
  2401 | D:4      | Reached skill level 5 in Fighting
  2438 | D:4      | Reached skill level 3 in Dodging
  2708 | D:5      | Entered Level 5 of the Dungeon
  2950 | D:5      | Reached skill level 6 in Maces & Flails
  3051 | D:5      | Reached XP level 7. HP: 54/61 MP: 6/6
  3226 | D:5      | Found Moolouh's Distillery.
  3230 | D:5      | Bought a potion of degeneration for 12 gold pieces
  3230 | D:5      | Bought a potion of curing for 36 gold pieces
  3230 | D:5      | Bought a potion of heal wounds for 60 gold pieces
  3230 | D:5      | Bought a potion of haste for 120 gold pieces
  3591 | D:6      | Reached skill level 1 in Throwing
  3591 | D:6      | Reached skill level 1 in Evocations
  3794 | D:6      | Reached skill level 4 in Dodging
  3800 | D:6      | Reached skill level 7 in Maces & Flails
  3800 | D:6      | Reached XP level 8. HP: 45/70 MP: 7/7
  3813 | D:6      | Reached skill level 6 in Fighting
  3813 | D:6      | Reached skill level 2 in Throwing
  3813 | D:6      | Reached skill level 6 in Armour
  4555 | D:7      | Found a staircase to the Ecumenical Temple.
  4565 | Temple   | Entered the Ecumenical Temple
  4590 | Temple   | Became a worshipper of Warmaster Okawaru
  4629 | D:7      | Reached skill level 2 in Evocations
  5134 | D:7      | Reached skill level 1 in Invocations
  5148 | D:7      | Reached skill level 8 in Maces & Flails
  5154 | D:7      | Reached * piety under Okawaru
  5394 | D:8      | Found a broken altar of Ashenzari.
  5406 | D:8      | Reached skill level 3 in Throwing
  5457 | D:8      | Reached XP level 9. HP: 68/78 MP: 9/9
  5518 | D:8      | Reached skill level 5 in Dodging
  5541 | D:8      | Found a sand-covered staircase.
  5547 | D:8      | Reached skill level 2 in Invocations
  5567 | Ossuary  | Entered an ossuary
  5786 | D:8      | Reached ** piety under Okawaru
  5787 | D:8      | Reached skill level 3 in Evocations
  5832 | D:8      | Reached skill level 7 in Fighting
  5832 | D:8      | Reached skill level 7 in Armour
  6170 | D:9      | Reached skill level 9 in Maces & Flails
  6184 | D:9      | Reached skill level 4 in Throwing
  6184 | D:9      | Reached skill level 3 in Invocations
  6402 | D:9      | Found a hide-covered altar of Uskayaw.
  6680 | D:9      | Noticed a cyclops
  6688 | D:9      | Killed a cyclops
  6688 | D:9      | Reached *** piety under Okawaru
  6689 | D:9      | Reached XP level 10. HP: 74/88 MP: 11/11
  6943 | D:5      | Bought a potion of magic for 96 gold pieces
  6943 | D:5      | Bought a potion of invisibility for 96 gold pieces
  6943 | D:5      | Bought a potion of mutation for 96 gold pieces
  7071 | D:10     | Entered Level 10 of the Dungeon
  7085 | D:10     | Found a burning altar of Makhleb.
  7111 | D:10     | Reached skill level 6 in Dodging
  7195 | D:10     | Noticed Sonja
  7207 | D:10     | Killed Sonja
  7208 | D:10     | Reached skill level 10 in Maces & Flails
  7208 | D:10     | Reached skill level 4 in Evocations
  7303 | D:10     | Noticed a two-headed ogre
  7305 | D:10     | Found a staircase to the Lair.
  7311 | D:10     | Reached skill level 8 in Fighting
  7311 | D:10     | Reached skill level 8 in Armour
  7314 | D:10     | Killed a two-headed ogre
  7315 | D:10     | Reached skill level 4 in Invocations
  7316 | D:10     | Reached **** piety under Okawaru
  7360 | D:10     | Reached skill level 5 in Throwing
  7363 | D:10     | Noticed Fannar
  7399 | D:10     | Killed Fannar
  7641 | D:10     | Found a bloodstained altar of Trog.
  7785 | D:10     | Noticed a soul eater
  7788 | D:10     | Reached skill level 11 in Maces & Flails
  7800 | D:10     | Reached XP level 11. HP: 94/95 MP: 13/13
  7804 | D:10     | Reached ***** piety under Okawaru
  7868 | D:10     | Reached skill level 7 in Dodging
  8028 | D:11     | Noticed a boulder beetle
  8031 | D:11     | Found a staircase to the Orcish Mines.
  8045 | D:11     | Killed a boulder beetle
  8065 | D:11     | Reached skill level 5 in Evocations
  8135 | D:11     | Reached skill level 9 in Fighting
  8149 | D:11     | Noticed a centaur warrior
  8163 | D:11     | Killed a centaur warrior
  8163 | D:11     | Received a gift from Okawaru
  8164 | D:11     | Reached skill level 9 in Armour
  8164 | D:11     | Reached skill level 5 in Invocations
  8441 | D:11     | Noticed Erica
  8441 | D:11     | Noticed a +0 spear
  8442 | D:11     | Noticed a +0 short sword
  8442 | D:11     | Noticed a +0 dagger
  8450 | D:11     | Killed Erica
  8451 | D:11     | Reached skill level 6 in Throwing
  8459 | D:11     | Noticed a +0 falchion
  8460 | D:11     | Noticed a +0 short sword
  8462 | D:11     | Noticed a +0 dagger
  8463 | D:11     | Noticed a +0 spear
  8463 | D:11     | Noticed a +0 falchion
  8468 | D:11     | Found a hide-covered altar of Uskayaw.
  8527 | D:11     | Reached skill level 12 in Maces & Flails
  8630 | D:11     | Found a runed translucent gate.
  8631 | D:11     | Found a runed translucent gate.
  8631 | D:11     | Noticed a green ugly thing
  8632 | D:11     | Found a runed translucent gate.
  8633 | D:11     | Noticed a brown ugly thing
  8637 | D:11     | Noticed a green ugly thing
  8642 | D:11     | Noticed a purple ugly thing
  9079 | D:11     | Killed a red ugly thing
  9083 | D:11     | Killed a green ugly thing
  9093 | D:11     | Killed a cyan ugly thing
  9103 | D:11     | Killed a green ugly thing
  9105 | D:11     | Found a runed translucent gate.
  9105 | D:11     | Found a runed translucent gate.
  9107 | D:11     | Noticed a cacodemon
  9108 | D:11     | Noticed Takeo's ghost (journeyman DjFE)
  9109 | D:11     | Found a runed translucent gate.
  9473 | D:12     | Received a gift from Okawaru
  9505 | D:12     | Reached XP level 12. HP: 86/106 MP: 15/15
  9590 | D:12     | Found a broken altar of Ashenzari.
  9647 | D:12     | Reached skill level 8 in Dodging
  9677 | D:12     | Reached skill level 6 in Invocations
  9831 | D:12     | Reached skill level 6 in Evocations
  9833 | D:12     | Received a gift from Okawaru
  9869 | D:12     | Noticed a boulder beetle
 10017 | D:12     | Killed a boulder beetle
 10018 | D:12     | Reached skill level 10 in Fighting
 10127 | D:12     | Reached skill level 13 in Maces & Flails
 10208 | Lair:1   | Entered Level 1 of the Lair of Beasts
 10227 | Lair:1   | Reached skill level 10 in Armour
 10322 | Lair:1   | Reached skill level 7 in Throwing
 11299 | Lair:2   | Received a gift from Okawaru
 11388 | Lair:2   | Noticed a death yak
 11407 | Lair:2   | Killed a death yak
 11524 | Lair:2   | Reached XP level 13. HP: 107/114 MP: 17/17
 11539 | Lair:2   | Found a staircase to the Snake Pit.
 11564 | Lair:2   | Reached skill level 14 in Maces & Flails
 11801 | Lair:2   | Reached skill level 9 in Dodging
 12091 | Lair:3   | Reached skill level 7 in Invocations
 12107 | Lair:3   | Received a gift from Okawaru
 12137 | Lair:3   | HP: 3/113 [elephant (12)]
 12191 | Lair:3   | Reached skill level 11 in Fighting
 12208 | Lair:3   | Got the Collected Works on Wanderlust
 12399 | Lair:3   | Reached skill level 7 in Evocations
 12403 | Lair:3   | Reached skill level 8 in Throwing
 12403 | Lair:3   | Reached skill level 11 in Armour
 12422 | Lair:3   | Found a runed translucent door.
 12423 | Lair:3   | Noticed Solx's ghost (journeyman MfGl)
 12517 | Lair:3   | Learned a level 2 spell: Blink
 12745 | Lair:3   | Found a staircase to the Swamp.
 12794 | Lair:3   | You fall into a shaft and drop 2 floors!
 12794 | Lair:5   | Entered Level 5 of the Lair of Beasts
 12794 | Lair:5   | Found a staircase to the Slime Pits.
 12959 | Lair:5   | Reached skill level 15 in Maces & Flails
 12999 | Lair:5   | Reached ****** piety under Okawaru
 13060 | Lair:5   | Received a gift from Okawaru
 13084 | Lair:5   | Reached XP level 14. HP: 113/124 MP: 15/18
 13157 | Lair:5   | Reached skill level 8 in Invocations
 13259 | Lair:5   | Found a frozen archway.
 13282 | IceCv    | Entered an ice cave
 13474 | IceCv    | Found a transporter.
 13514 | IceCv    | Found a transporter.
 13523 | IceCv    | Reached skill level 10 in Dodging
 13978 | Lair:5   | Reached skill level 9 in Throwing
 13992 | Lair:5   | Received a gift from Okawaru
 14226 | Lair:5   | Reached skill level 12 in Fighting
 14276 | Lair:5   | Reached skill level 12 in Armour
 14276 | Lair:5   | Reached skill level 8 in Evocations
 14501 | Lair:4   | Reached skill level 16 in Maces & Flails
 15968 | Lair:5   | Received a gift from Okawaru
 15993 | Lair:5   | Identified the +0 cloak "Defuv" {Fly Int-2 Dex+4}
 16013 | Lair:5   | Identified the staff "Gaciog" {rPois rN+ Necro}
 16020 | Lair:5   | Got the Essays on Baleful Grit
 16391 | Orc:1    | Entered Level 1 of the Orcish Mines
 16495 | Orc:2    | Entered Level 2 of the Orcish Mines
 16867 | Orc:2    | Reached skill level 9 in Invocations
 17709 | Orc:2    | Reached XP level 15. HP: 131/134 MP: 20/20
 17782 | Orc:1    | Noticed Josephine
 17789 | Orc:2    | Reached skill level 11 in Dodging
 17826 | Orc:2    | Killed Josephine
 17973 | Orc:1    | Found a runed translucent door.
 17974 | Orc:1    | Found a shimmering altar of Xom.
 17974 | Orc:1    | Noticed Atixe's ghost (journeyman TrBe)
 17993 | Orc:1    | Received a gift from Okawaru
 18008 | Orc:1    | Killed Atixe's ghost
 18215 | Orc:2    | Found Qeagy's Distillery.
 18456 | Orc:2    | Bought a potion of attraction for 42 gold pieces
 18457 | Orc:2    | Bought a potion of heal wounds for 70 gold pieces
 18457 | Orc:2    | Bought a potion of haste for 140 gold pieces
 18457 | Orc:2    | Bought a potion of curing for 42 gold pieces
 18457 | Orc:2    | Bought 2 potions of curing for 84 gold pieces
 18465 | Orc:2    | Found Macly's Antique Armour Emporium.
 18491 | Orc:2    | Reached skill level 10 in Throwing
 19224 | Orc:2    | Reached skill level 13 in Fighting
 19258 | Orc:2    | Found a staircase to the Elven Halls.
 19479 | Orc:2    | Received a gift from Okawaru
 19480 | Orc:2    | Reached skill level 13 in Armour
 19480 | Orc:2    | Reached skill level 9 in Evocations
 19579 | Orc:2    | Found Ymerch's Jewellery Shoppe.
 19998 | Orc:2    | Found Hohevi's Magic Scroll Shop.
 20029 | Orc:2    | Bought a scroll of amnesia for 52 gold pieces
 20029 | Orc:2    | Bought a scroll of enchant weapon for 97 gold pieces
 20029 | Orc:2    | Bought a scroll of revelation for 97 gold pieces
 20029 | Orc:2    | Bought a scroll of identify for 26 gold pieces
 20029 | Orc:2    | Bought a scroll of identify for 26 gold pieces
 20029 | Orc:2    | Bought a scroll of brand weapon for 123 gold pieces
 20333 | Orc:2    | Acquired the +10 demon whip "Vifoerimie" {freeze, Int+5
                  | Stlth+}
 20333 | Orc:2    | Received a gift from Okawaru
 20337 | Orc:2    | Acquired the +3 crown of Dyrovepreva {rElec Int+2 SInv}
 20337 | Orc:2    | Received a gift from Okawaru
 20337 | Orc:2    | Found the +3 crown of Dyrovepreva {rElec Int+2 SInv}
 20577 | D:13     | Noticed a frost giant
 20596 | D:13     | Killed a frost giant
 20602 | D:13     | Found the +8 pair of quick blades "Gyre" and "Gimble"
                  | {protect}
 20627 | D:13     | Received a gift from Okawaru
 20646 | D:13     | Identified the +4 falchion of Zin's Scorn {flame, rElec
                  | SInv}
 20652 | D:13     | Got the Papyrus of Charged Reformation
 20654 | D:13     | Got the Quarto of Enchantment and the Brume
 20686 | D:13     | Noticed Urug
 20697 | D:13     | Killed Urug
 20799 | D:13     | Found a gate to the Vaults.
 21145 | D:13     | Found Zuulelih's General Store.
 21259 | D:14     | Reached skill level 10 in Invocations
 21961 | D:14     | Received a gift from Okawaru
 21970 | D:14     | Reached skill level 12 in Dodging
 22091 | D:15     | Entered Level 15 of the Dungeon
 22182 | D:15     | Reached XP level 16. HP: 137/145 MP: 22/22
 22324 | D:15     | Reached skill level 11 in Throwing
 22419 | D:15     | Received a gift from Okawaru
 22455 | D:15     | Reached skill level 14 in Fighting
 22664 | D:15     | Found a staircase to the Depths.
 22720 | D:15     | Noticed Kirke
 22734 | D:15     | Killed Kirke
 22784 | D:15     | Found an iron altar of Okawaru.
 22788 | D:15     | Noticed Agnes
 22796 | D:15     | Killed Agnes
 22854 | D:15     | Found a glowing golden altar of the Shining One.
 23242 | Snake:1  | Entered Level 1 of the Snake Pit
 23242 | Snake:1  | Found Mayz's Book Shoppe.
 23253 | Snake:1  | Reached skill level 14 in Armour
 23380 | Snake:1  | Reached skill level 10 in Evocations
 23423 | Snake:1  | Received a gift from Okawaru
 23519 | Snake:1  | Found Aseadwy's Jewellery Emporium.
 23519 | Snake:1  | Found Maoblapri's Book Shop.
 23520 | Snake:1  | Found Neresups's Jewellery Emporium.
 23792 | Snake:1  | Found a transporter.
 23846 | Snake:1  | Found a transporter.
 24718 | Snake:2  | Received a gift from Okawaru
 24719 | Snake:2  | Reached skill level 11 in Invocations
 25043 | Snake:3  | Found Zuuhef's General Store.
 25067 | Snake:3  | Bought a scroll of identify for 32 gold pieces
 25067 | Snake:3  | Bought a potion of resistance for 160 gold pieces
 25096 | Snake:3  | Reached skill level 13 in Dodging
 25108 | Snake:3  | Found Diwn's Weapon Boutique.
 25212 | Snake:3  | Received a gift from Okawaru
 25259 | Snake:3  | Found Iventeaq's Antique Weapon Shop.
 25276 | Snake:3  | Reached skill level 1 in Axes
 25459 | Snake:3  | Found Zusushrui's Armour Emporium.
 25623 | Snake:3  | Bought the +8 mithril axe "Arga" {speed, Will+} for 1033
                  | gold pieces
 25623 | Snake:3  | Found the +8 mithril axe "Arga" {speed, Will+}
 25627 | Snake:4  | Entered Level 4 of the Snake Pit
 25729 | Snake:4  | Found Posuxoppyi's Magic Scroll Shop.
 25733 | Snake:4  | Bought a scroll of immolation for 72 gold pieces
 25744 | Snake:4  | Found Ikanguono's CLEARANCE SALE!.
 25753 | Snake:4  | Bought a scroll of teleportation for 12 gold pieces
 25753 | Snake:4  | Bought a scroll of revelation for 30 gold pieces
 25753 | Snake:4  | Bought a wand of mindburst (9) for 50 gold pieces
 25784 | Snake:4  | Reached skill level 2 in Axes
 25784 | Snake:4  | Reached XP level 17. HP: 128/154 MP: 19/24
 25814 | Snake:4  | Reached skill level 12 in Throwing
 25836 | Snake:4  | Reached skill level 15 in Fighting
 26105 | Snake:4  | Reached skill level 15 in Armour
 26435 | Snake:4  | Received a gift from Okawaru
 26465 | Snake:4  | Reached skill level 3 in Axes
 26547 | Snake:4  | Reached skill level 4 in Shields
 27005 | Snake:4  | Reached skill level 4 in Axes
 27035 | Snake:4  | Got a serpentine rune of Zot
 27075 | Snake:4  | Reached skill level 11 in Evocations
 27083 | Snake:4  | Received a gift from Okawaru
 27574 | Swamp:1  | Entered Level 1 of the Swamp
 27699 | Swamp:1  | Reached skill level 5 in Shields
 28061 | Swamp:2  | Received a gift from Okawaru
 28259 | Swamp:2  | Reached skill level 5 in Axes
 28444 | Swamp:2  | Identified the serpent talisman of Boevug {+Blink Fly}
 28444 | Swamp:2  | Noticed Aizul
 28465 | Swamp:2  | Killed Aizul
 28970 | Swamp:3  | Identified a scroll of acquirement
 29025 | Swamp:3  | Acquired 690 gold pieces
 29237 | Swamp:3  | Received a gift from Okawaru
 29238 | Swamp:3  | Reached skill level 12 in Invocations
 29333 | Swamp:3  | Got the Folio of Reanimation Made Easy
 29649 | Swamp:4  | Entered Level 4 of the Swamp
 29675 | Swamp:4  | Identified the +1 demon trident "Enejiam" {pain, rElec
                  | rCorr}
 29703 | Swamp:4  | Reached XP level 18. HP: 123/166 MP: 26/26
 29795 | Swamp:4  | Reached skill level 6 in Shields
 30144 | Swamp:4  | Reached skill level 6 in Axes
 30169 | Swamp:4  | Reached skill level 14 in Dodging
 30359 | Swamp:4  | Reached skill level 16 in Fighting
 30666 | Swamp:4  | Received a gift from Okawaru
 30806 | Swamp:4  | Reached skill level 16 in Armour
 31011 | Swamp:4  | Found a blossoming altar of Fedhas.
 31050 | Swamp:4  | Found a basalt altar of Yredelemnul.
 31312 | Swamp:4  | Reached skill level 13 in Throwing
 31567 | Swamp:4  | Got a decaying rune of Zot
 31859 | Elf:1    | Entered Level 1 of the Elven Halls
 32107 | Elf:1    | Identified the +6 quarterstaff of Xesk {protect, *Noise rC+
                  | Will+ Str+4}
 32117 | Elf:1    | Received a gift from Okawaru
 32281 | Elf:1    | Reached skill level 7 in Shields
 32511 | Elf:1    | Reached skill level 7 in Axes
 33268 | Elf:2    | Received a gift from Okawaru
 33515 | Elf:2    | Reached skill level 1 in Translocations
 33566 | Elf:2    | Reached XP level 19. HP: 158/170 MP: 27/27
 33668 | Elf:2    | Found a runed translucent gate.
 33714 | Elf:2    | Found a runed translucent gate.
 33737 | Elf:2    | Identified the ring "Kasiy" {Fire rElec rN+ rCorr}
 33848 | Elf:2    | Found a runed translucent gate.
 34015 | Elf:2    | HP: 4/171 [deep elf blademaster/+0 rapier (11)]
 34396 | Elf:2    | Reached skill level 1 in Spellcasting
 34396 | Elf:2    | Reached skill level 12 in Evocations
 34483 | Elf:2    | Received a gift from Okawaru
 34532 | Elf:2    | Reached skill level 8 in Shields
 34563 | Elf:2    | Reached XP level 20. HP: 111/182 MP: 28/28
 34738 | Elf:2    | Reached skill level 2 in Translocations
 34748 | Elf:2    | Reached skill level 8 in Axes
 34968 | Elf:3    | Entered Level 3 of the Elven Halls
 35024 | Elf:3    | Found Guketh's General Store.
 35042 | Elf:3    | Bought 2 throwing nets for 78 gold pieces
 35363 | Elf:3    | Received a gift from Okawaru
 36225 | Elf:3    | Reached skill level 13 in Invocations
 36270 | Elf:3    | Reached skill level 2 in Spellcasting
 36856 | Elf:3    | Received a gift from Okawaru
 36861 | Elf:3    | Identified the amulet of the Lion {Faith rC++ Int+3}
 36872 | Elf:3    | Reached skill level 17 in Fighting
 36872 | Elf:3    | Reached skill level 17 in Armour
 36872 | Elf:3    | Reached skill level 15 in Dodging
 36880 | Elf:3    | Reached skill level 3 in Translocations
 37021 | Elf:3    | Reached skill level 9 in Shields
 37076 | Elf:3    | Gained mutation: You are clumsy. (Dex -2) [a neqoxec]
 37448 | Elf:3    | Identified the +6 trident "Dotoo" {pain, rCorr}
 37477 | Elf:3    | Found the +7 hand cannon "Mule" {flame, backblast, rF+}
 37556 | Elf:3    | Identified the +3 rapier of Unpleasantness {vamp, rN++
                  | Str+4}
 37972 | Vaults:1 | Entered Level 1 of the Vaults
 37975 | Vaults:1 | Reached skill level 9 in Axes
 38156 | Vaults:1 | Received a gift from Okawaru
 38404 | Vaults:1 | Reached skill level 14 in Throwing
 39082 | Vaults:1 | Reached skill level 3 in Spellcasting
 39435 | Vaults:1 | Reached XP level 21. HP: 126/191 MP: 30/30
 39700 | Vaults:1 | Received a gift from Okawaru
 41616 | Vaults:2 | Reached skill level 4 in Translocations
 41846 | Vaults:2 | Received a gift from Okawaru
 41904 | Vaults:2 | Reached skill level 10 in Shields
 42212 | Vaults:3 | Noticed Frederick
 42242 | Vaults:3 | Killed Frederick
 42243 | Vaults:3 | Reached skill level 10 in Axes
 43010 | Vaults:3 | Received a gift from Okawaru
 43053 | Vaults:3 | Noticed Asterion
 43074 | Vaults:3 | Killed Asterion
 43159 | Vaults:3 | Reached skill level 13 in Evocations
 43177 | Vaults:3 | Reached skill level 4 in Spellcasting
 43708 | Vaults:3 | Found a staircase to the Crypt.
 43708 | Vaults:3 | Found an ancient bone altar of Kikubaaqudgha.
 43709 | Vaults:3 | Found a basalt altar of Yredelemnul.
 43824 | Vaults:4 | Reached skill level 14 in Invocations
 43827 | Vaults:4 | Identified the +2 pair of gloves "Juocwuy" {Fly Will+ Str+5
                  | Dex+2}
 44128 | Vaults:4 | Received a gift from Okawaru
 44139 | Vaults:4 | Paralysed by a formless jellyfish for 1 turns
 44698 | Vaults:4 | Reached XP level 22. HP: 201/201 MP: 31/31
 44997 | Vaults:4 | Reached skill level 18 in Fighting
 45397 | Vaults:4 | Upgraded the game from 0.31-a0-1308-ga3cce3a448 to
                  | 0.31-a0-1317-gdfb52cbc09
 45398 | Vaults:5 | Entered Level 5 of the Vaults
 45406 | Vaults:4 | Received a gift from Okawaru
 45412 | Vaults:4 | Reached skill level 18 in Armour
 45412 | Vaults:4 | Reached skill level 5 in Translocations
 45435 | Vaults:4 | Reached skill level 11 in Shields
 45438 | Vaults:4 | Reached skill level 16 in Dodging
 45474 | Vaults:4 | Reached skill level 11 in Axes
 45788 | Vaults:5 | Identified the +1 great sword "Acarineslayer" {heavy,
                  | ^Fragile rN++ Will- Str+8}
 45827 | Vaults:5 | Received a gift from Okawaru
 46403 | Vaults:5 | Noticed an ancient lich
 46421 | Vaults:5 | Killed an ancient lich
 46422 | Vaults:5 | Reached skill level 15 in Throwing
 46682 | Vaults:5 | Received a gift from Okawaru
 46683 | Vaults:5 | Reached skill level 5 in Spellcasting
 46711 | Vaults:5 | Identified the staff "Bitaf" {rElec rPois Alchemy}
 46839 | Vaults:5 | Got a silver rune of Zot
 46882 | Vaults:5 | Noticed an ancient lich
 46926 | Vaults:5 | Killed an ancient lich
 47134 | Vaults:5 | Noticed a golden dragon
 47157 | Vaults:5 | Killed a golden dragon
 47360 | Vaults:5 | Identified the amulet "Rer Xedghav" {RegenMP Stlth+}
 47368 | Vaults:5 | Identified the staff "Astiw" {rF+ rN+ rCorr Fire Air}
 47766 | Vaults:5 | Noticed a golden dragon
 47784 | Vaults:5 | Killed a golden dragon
 47784 | Vaults:5 | Received a gift from Okawaru
 47863 | Vaults:5 | Reached XP level 23. HP: 149/211 MP: 33/33
 47912 | Vaults:5 | Reached skill level 12 in Shields
 48015 | Vaults:5 | Identified the +3 plate armour of the Shining Light
                  | {Will+++ Str-3 Dex-4 Stlth+}
 48018 | Vaults:5 | Identified the +0 flail of Heodgh {drain, rPois rN+ Str+4}
 48138 | Vaults:5 | Reached skill level 6 in Translocations
 48209 | Vaults:5 | Reached skill level 12 in Axes
 48820 | Depths:1 | Entered Level 1 of the Depths
 49103 | Depths:1 | Gained mutation: Your body sometimes deteriorates upon
                  | taking damage. [a shining eye]
 49125 | Depths:1 | Found a gateway to Hell.
 49132 | Depths:1 | Received a gift from Okawaru
 49836 | Depths:2 | Reached skill level 15 in Invocations
 50130 | Depths:2 | Identified the +1 plate armour "Niwk" {Int+2 SInv}
 50166 | Depths:2 | Reached skill level 14 in Evocations
 50223 | Depths:2 | Received a gift from Okawaru
 50381 | Depths:2 | Reached skill level 13 in Axes
 50596 | Depths:2 | Reached skill level 19 in Fighting
 50703 | Depths:2 | Found a one-way gate leading to the halls of Pandemonium.
 50775 | Depths:3 | Found a one-way gateway to a ziggurat.
 51074 | Depths:3 | Reached skill level 19 in Armour
 51083 | Depths:3 | Noticed Margery
 51100 | Depths:3 | Killed Margery
 51112 | Depths:3 | Killed the ghostly Margery
 51372 | Depths:3 | Noticed a caustic shrike
 51372 | Depths:3 | Noticed a caustic shrike
 51372 | Depths:3 | Noticed a caustic shrike
 51375 | Depths:3 | Noticed a caustic shrike
 51377 | Depths:3 | Noticed a caustic shrike
 51384 | Depths:3 | Killed a caustic shrike
 51407 | Depths:3 | Killed a caustic shrike
 51410 | Depths:3 | Killed a caustic shrike
 51411 | Depths:3 | Reached skill level 17 in Dodging
 51418 | Depths:3 | Killed a caustic shrike
 51423 | Depths:3 | Killed a caustic shrike
 51511 | Depths:3 | Reached skill level 13 in Shields
 51516 | Depths:3 | Received a gift from Okawaru
 51824 | Depths:3 | Found the +10 dark maul {heavy}
 51836 | Depths:3 | Identified the amulet "Kokkoah" {RegenMP Will+}
 51853 | Depths:3 | Identified the +1 long sword of Ufa Ruid {freeze, rPois
                  | rF+++ rCorr Int-3}
 51854 | Depths:3 | Identified the staff "Pem Hela" {Fly rElec rPois rF- rN+
                  | Necro Ice}
 51939 | Depths:3 | Reached XP level 24. HP: 221/221 MP: 33/33
 52029 | Depths:3 | Reached skill level 14 in Axes
 52029 | Depths:3 | Reached skill level 7 in Translocations
 52295 | Depths:3 | Found a one-way gate to the infinite horrors of the Abyss.
 52407 | Depths:3 | Received a gift from Okawaru
 52719 | Depths:4 | Entered Level 4 of the Depths
 52736 | Depths:4 | Reached skill level 16 in Throwing
 53383 | Depths:4 | Found a gate to the Realm of Zot.
 53740 | Depths:4 | Received a gift from Okawaru
 53994 | Zot:1    | Entered Level 1 of the Realm of Zot
 54262 | Zot:1    | Reached skill level 15 in Axes
 54971 | Orc:2    | Bought the amulet of Ytaacs {rElec Regen+ Str+2} for 482
                  | gold pieces
 55093 | Elf:3    | Bought a scroll of enchant weapon for 97 gold pieces
 55093 | Elf:3    | Bought a potion of curing for 39 gold pieces
 55093 | Elf:3    | Bought a scroll of enchant armour for 97 gold pieces
 55093 | Elf:3    | Bought a potion of might for 52 gold pieces
 55612 | Zot:1    | Noticed an orb of fire
 55615 | Zot:1    | Gained mutation: You sometimes lose your temper in combat.
                  | [an orb of fire]
 55618 | Zot:1    | Gained mutation: You are frail. (-10% HP) [an orb of fire]
 55638 | Zot:1    | Killed an orb of fire
 55738 | Zot:1    | Found a runed translucent door.
 55738 | Zot:1    | Noticed Tolefusch's ghost (veteran MiFi)
 55890 | Zot:1    | Received a gift from Okawaru
 56172 | Zot:1    | Killed Tolefusch's ghost
 56538 | Slime:1  | Entered Level 1 of the Pits of Slime
 56761 | Slime:3  | Gained mutation: You occasionally lose the ability to drink
                  | potions when taking damage. [a shining eye]
 56938 | Slime:4  | Reached skill level 14 in Shields
 57022 | Slime:5  | Entered Level 5 of the Pits of Slime
 57028 | Slime:5  | Received a gift from Okawaru
 57263 | Slime:5  | Reached skill level 16 in Invocations
 57263 | Slime:5  | Reached XP level 25. HP: 180/207 MP: 33/34
 57284 | Slime:5  | Noticed the Royal Jelly
 57285 | Slime:5  | Paralysed by a formless jellyfish for 1 turns
 57303 | Slime:5  | Killed the Royal Jelly
 57304 | Slime:5  | Reached skill level 20 in Fighting
 57469 | Slime:5  | Reached skill level 20 in Armour
 57469 | Slime:5  | Reached skill level 8 in Translocations
 57530 | Slime:5  | Killed from afar by an acid blob

Illustrated notes

Levels and vault maps discovered:
D:1:      elethiomel_arrival_infinity_welcomes_careful_drivers, layout_basic,
          dreamdust_ecumenical_altar_grove, nicolae_figureground_sparkle
D:2:      layout_loops_corners, basic_altar, uniq_terence
D:3:      layout_basic, mainiacjoe_overflow_alcove_1
D:4:      layout_rooms, chequers_avenue, uniq_blork_the_orc, uniq_robin
D:5:      layout_basic, serial_shops, nicolae_shop_back_alley_shop
D:6:      layout_cave_pods
D:7:      layout_rooms, minmay_temple_entry_junction, kennysheep_another_room
D:8:      layout_rooms, amcnicky_altar_gilded,
          mainiacjoe_ossuary_entry_find_the_door
D:9:      layout_basic, general_overflow_altar
D:10:     layout_basic, mainiacjoe_overflow_paths, demons_altar,
          hellmonk_lair_entry_icy, uniq_fannar, uniq_sonja
D:11:     nicolae_cairo_tiling_large_dashed, layout_grid_maze,
          ploomutoo_gammafunk_ghost_potion_laboratory,
          nicolae_uskayaw_en_pointe, uniq_erica
D:12:     layout_roguey, drop_trap, nicolae_ashenzari_panopticon
D:13:     minmay_strange_plus, layout_loops_ring, david_vaults_2, serial_shops,
          shop, uniq_urug
D:14:     layout_rooms, minmay_tree_intersection
D:15:     hellmonk_depths_entry_around_the_bend, layout_basic, tso_altar,
          nicolae_eternal_life, okawaru_trees_2, uniq_agnes, uniq_kirke
Temple:   minmay_crystal_spiral_temple
Lair:1:   layout_regular_city, infiniplex_staircase_pool_2,
          serial_bayou_shore_b, grunt_megastairs_3, lemuel_fruit_fields
Lair:2:   layout_gridlike, minmay_snake_entry_guardpost_medium,
          guppyfry_lair_drakes
Lair:3:   layout_gridlike, palyth_hydra_swamp_entry,
          hellmonk_ghost_happy_afterlife, grunt_forest_large_clearings
Lair:4:   layout_cave_pods, minmay_stone_trees_small
Lair:5:   gammafunk_lair_ancient_temple, layout_loops_ring, slime_entry_1,
          portal_ice_cave_demonic_guard, grunt_megastairs_2, lemuel_fruit_tree
Swamp:1:  layout_falls_marsh, nicolae_swamp_dense_foliage, swamp_pool_5
Swamp:2:  layout_basic_swamp, evilmike_swamp_ruin_wall,
          infiniplex_staircase_pool, uniq_aizul
Swamp:3:  layout_basic_swamp, hangedman_swamp_ruin_hall, swamp_pool_1_2,
          nicolae_swamp_necromancy_gone_wrong
Swamp:4:  byrel_swamp_growth_death_and_undeath, layout_basic_swamp
Snake:1:  gammafunk_the_bubble [the_bubble_gammafunk_split],
          layout_misc_corridors, serial_shops, nicolae_shop_tiny_glass,
          grunt_megastairs_1, minmay_shop_grove
Snake:2:  layout_grid_maze
Snake:3:  layout_misc_corridors, serial_shops, shop, nicolae_lakefront_shop,
          shop, shop
Snake:4:  minmay_snake_end_coiled, layout_rooms, serial_shops, shop,
          nicolae_shop_clearance
Slime:1:  layout_caves
Slime:2:  layout_caves
Slime:3:  layout_caves
Slime:4:  layout_caves
Slime:5:  slime_pit_nicolae_inversion
Orc:1:    layout_caves, ebering_ghost_xom, elves_outpost_lemuel, uniq_josephine
Orc:2:    pubby_orc_utopia
Elf:1:    minmay_elf_arrival_circle, layout_onion_city,
          nicolae_elf_crossing_hall, drop_trap
Elf:2:    nicolae_elf_blades_splatter_lattice
          [nicolae_blade_entry_area_security], layout_onion_city
Elf:3:    minmay_elf_hall_hex, layout_gridlike, serial_shops,
          nicolae_shop_rolling_square
Vaults:1: hangedman_vaults_corner_blocks, v_rooms_1,
          nicolae_vaults_little_squares_3, ontoclasm_vaults_ligature,
          serial_ice_g, v_misc_10, v_misc_10, ontoclasm_vaults_shuriken,
          vaults_mumra_hexcomb, ontoclasm_vaults_loading_screen,
          nicolae_vaults_mitosis, grunt_vaults_swirl, layout_vaults_ring
Vaults:2: hangedman_vaults_pinch, nicolae_vaults_hallways_thing,
          nicolae_vaults_trapezoid_2, st_cross,
          nicolae_vaults_doubleplus_tesselated, v_pattern_2,
          nicolae_vaults_windows_and_doors_thing,
          ontoclasm_vaults_decontamination, layout_vaults_omnigrid
Vaults:3: minmay_crypt_entry_necro_gods, v_misc_2, hangedman_vaults_hat,
          st_lattice, vaults_room_door_hall, ontoclasm_vaults_chip,
          nicolae_vaults_tetromino_L_2, vaults_dpeg_encased_lava,
          ontoclasm_vaults_eye, vaults_dpeg_emergency_exit,
          nicolae_vaults_apartment_2, ontoclasm_vaults_gateway,
          layout_vaults_chaotic_city, uniq_frederick, uniq_asterion
Vaults:4: hangedman_vaults_stitches, special_room_vaults [special_room_orc],
          v_misc_4, nicolae_vaults_sightless_eye, ontoclasm_vaults_ring_large,
          hangedman_vaults_impose, vaults_dpeg_cross,
          nicolae_vaults_tetromino_Z_2, v_misc_5, serial_ice_h,
          ontoclasm_vaults_idyll, nicolae_vaults_asterisk, v_misc_26,
          vaults_dpeg_diagonal, layout_vaults_omnicross
Vaults:5: serial_shops
Depths:1: layout_gridlike, nicolae_hell_entry_hellmouth_sunbeams,
          minmay_hedge_maze, dk_noncrumbling_4, minmay_misc_feat_enclosed,
          grunt_ministairs_9, item_on_display_a, roderic_lattice_octagonal_star
Depths:2: minmay_distorted_concentric_squares, layout_cave_pools,
          nicolae_zig_zag_zippers, pf_dread_powers_of_hell,
          rand_demon_pan_entry_9, minmay_staircase_statues
Depths:3: grunt_arcs, layout_gridlike, enter_ziggurat_c, serial_bayou,
          serial_bayou_pond_a, serial_bayou_shore_b, serial_bayou_ford_a,
          serial_bayou_lagoon_a, serial_bayou_crossing, hell_entry, abyss_entry,
          uniq_margery
Depths:4: grunt_zot_entry_pinwheel, layout_gridlike, hell_entry, serial_rivers,
          chequers_serial_rivers_large_b, chequers_serial_rivers_micro_e,
          chequers_serial_rivers_micro_a, chequers_serial_rivers_micro_d,
          chequers_serial_rivers_micro_a, abyss_entry
Zot:1:    layout_misc_corridors, ebering_ghost_inner_flame,
          regret_index_zotdec_decaying_vile

Skill      XL: |  1  2  3  4  5  6  7  8  9 10 11 12 13 14 15 16 17 18 19 20 21 22 23 24 25 |
---------------+----------------------------------------------------------------------------+-----
Maces & Flails | 3 4 5 6 7 8 9 11 12 13 15 16 | 16.0
Fighting       | 4 5 6 7 8 9 10 11 12 13 14 15 16 17 18 19 20 | 20.0
Armour         | 4 5 6 7 8 9 10 11 12 13 14 15 16 17 18 19 20 | 20.0
Dodging        | 1 2 3 4 5 6 7 8 9 10 12 13 14 15 16 17 | 17.9
Throwing       | 1 3 4 5 6 7 8 9 10 11 12 13 14 15 16 | 16.5
Evocations     | 1 2 3 4 5 6 7 8 9 10 11 12 13 14 | 14.9
Invocations    | 1 3 4 5 6 7 9 10 11 12 13 14 15 16 | 16.0
Axes           | 2 5 7 9 10 11 13 15 | 15.1
Shields        | 5 7 8 9 10 11 13 14 | 14.2
Translocations | 1 3 4 5 6 7 8 |  8.0
Spellcasting   | 1 3 4 5 |  5.0

Action                     |  1- 3 |  4- 6 |  7- 9 | 10-12 | 13-15 | 16-18 | 19-21 | 22-24 | 25-27 || total
---------------------------+-------+-------+-------+-------+-------+-------+-------+-------+-------++-------
  Melee: Flail             |    81 |   163 |    73 |   557 |  1462 |       |       |       |       ||  2336
         Headbutt          |    11 |    27 |    67 |   132 |   504 |   417 |   444 |   752 |    31 ||  2385
         Morningstar       |       |       |   233 |    15 |       |       |       |       |       ||   248
         Hand axe          |       |       |       |       |    60 |       |       |       |       ||    60
         Demon whip        |       |       |       |       |   237 |   868 |    87 |       |       ||  1192
         Broad axe         |       |       |       |       |       |   603 |  1298 |  2075 |    65 ||  4041
  Throw: Dart              |       |       |       |     6 |    24 |     2 |     4 |       |       ||    36
         Javelin           |       |       |       |       |       |       |       |     8 |    12 ||    20
         Boomerang         |       |       |       |       |       |       |       |     2 |     4 ||     6
   Cast: Blink             |       |       |       |       |       |       |     1 |       |       ||     1
 Invoke: Heroism           |       |       |     1 |     8 |    14 |     7 |    10 |    11 |     2 ||    53
         Finesse           |       |       |       |     1 |     3 |       |     1 |     1 |     1 ||     7
         Receive Weapon    |       |       |       |       |     1 |       |       |       |       ||     1
         Receive Armour    |       |       |       |       |     1 |       |       |       |       ||     1
  Evoke: Wand              |       |       |     3 |     3 |     3 |     1 |     6 |       |       ||    16
         Phial of floods   |       |       |       |       |       |       |       |       |     1 ||     1
         Condenser vane    |       |       |       |       |       |       |       |       |     1 ||     1
    Use: Potion            |       |       |       |     1 |     4 |     1 |     1 |       |       ||     7
         Scroll            |       |       |       |       |    13 |     5 |     2 |     9 |     3 ||    32
   Stab: Sleeping          |       |    10 |     1 |     3 |    10 |    13 |       |       |       ||    37
         Distracted        |       |       |       |       |       |     4 |       |       |       ||     4
         Confused          |       |       |       |       |       |     1 |       |       |       ||     1
 Armour: Scale mail        |    50 |    10 |       |       |       |       |       |       |       ||    60
         Shadow dragon sca |       |    76 |   204 |   334 |   849 |   711 |       |       |       ||  2174
         Plate armour      |       |       |       |       |    26 |       |     3 |   205 |       ||   234
         Swamp dragon scal |       |       |       |       |       |    55 |   478 |       |       ||   533
         Gold dragon scale |       |       |       |       |       |       |       |   677 |    37 ||   714
  Dodge: Dodged            |    38 |    60 |   205 |   346 |  1298 |  1139 |   845 |   996 |    22 ||  4949
  Block: Buckler           |    14 |    30 |    80 |   107 |   407 |   431 |   443 |   175 |       ||  1687
         Kite shield       |       |       |       |       |       |       |       |   696 |    11 ||   707
         Reflection        |       |       |       |       |       |       |       |    14 |       ||    14

Table legend: (Time is in decaauts)
 A = Elapsed time spent in this place.
 B = Non-inter-level travel time spent in this place.
 C = Inter-level travel time spent in this place.
 D = Time resting spent in this place.
 E = Time spent auto-exploring this place.
 F = Levels seen in this place.
 G = Mean time per level.
                   A        B        C        D        E       F      G
               +--------+--------+--------+--------+--------+-----+--------+
         Total |  54904 |  49965 |   4939 |  13687 |  23770 |  51 | 1076.5 |
       Dungeon |  13829 |  11912 |   1917 |   1754 |   7549 |  15 |  921.9 |
        Temple |     50 |      1 |     49 |      0 |      0 |   1 |   50.0 |
          Lair |   6140 |   5299 |    841 |    547 |   2841 |   5 | 1228.0 |
         Swamp |   3843 |   3693 |    150 |   1495 |   1241 |   4 |  960.8 |
     Snake Pit |   3790 |   3483 |    307 |    766 |   1766 |   4 |  947.5 |
    Slime Pits |    728 |    704 |     24 |    336 |      2 |   5 |  145.6 |
  Orcish Mines |   4266 |   3911 |    355 |   1635 |   1112 |   2 | 2133.0 |
   Elven Halls |   5553 |   5230 |    323 |   1863 |   2100 |   3 | 1851.0 |
        Vaults |   9817 |   9411 |    406 |   3629 |   3967 |   5 | 1963.4 |
        Depths |   4991 |   4539 |    452 |    970 |   2550 |   4 | 1247.8 |
           Zot |   1350 |   1239 |    111 |    401 |    585 |   1 | 1350.0 |
       Ossuary |    127 |    127 |      0 |      0 |     56 |   1 |  127.0 |
      Ice Cave |    414 |    414 |      0 |    290 |      0 |   1 |  414.0 |
               +--------+--------+--------+--------+--------+-----+--------+

Top non-repeatable levels by time:
   Orc:2: 3614 daAuts
Vaults:5: 2575 daAuts
   Elf:3: 2399 daAuts
Vaults:2: 2005 daAuts
Vaults:1: 1894 daAuts
Depths:3: 1727 daAuts
Vaults:4: 1717 daAuts
   Elf:2: 1656 daAuts
Vaults:3: 1624 daAuts
    D:11: 1569 daAuts
  Lair:5: 1514 daAuts
   Elf:1: 1498 daAuts
  Lair:1: 1454 daAuts
Depths:4: 1357 daAuts
   Zot:1: 1350 daAuts
